 Dungeon Crawl Stone Soup version 0.31.0-32-g396128a36d (webtiles) character file.

Game seed: 988209107252950846

45287 monsoonserge the Grappler (level 14, 0/109 HPs)
             Began as a Gnoll Shapeshifter on Mar 27, 2024.
             Was a High Priest of Wu Jian.
             Killed from afar by a kobold blastminer (24 damage)
             ... with an iron shot
             ... on level 11 of the Dungeon.
             The game lasted 01:42:49 (23531 turns).

monsoonserge the Grappler (Gnoll Shapeshifter)     Turns: 23531, Time: 01:42:49

Health: 0/109      AC: 19    Str: 20    XL:     14   Next: 32%
Magic:  36/36      EV: 11    Int: 11    God:    Wu Jian [*****.]
Gold:   2454       SH:  9    Dex:  7    Spells: 27/31 levels left

rFire   + + .        b - +8 mace "Coisin" {freeze, rN+ Will+ rCorr Str-3}
rCold   + + .        M - +0 kite shield
rNeg    + . .        K - +2 scale mail of Impatience {rC++ rCorr MP+9 Dex-5}
rPois   +            S - +2 helmet
rElec   +            (no cloak)
rCorr   +            F - +0 pair of gloves
SInv    +            X - +2 pair of boots "Gyrelir" {Harm rF+}
Will    ++...        O - amulet of the acrobat
Stlth   ++           o - ring of poison resistance
HPRegen 0.38/turn    g - ring "Cirr" {rElec rF+ Str+6 SInv}
MPRegen 0.25/turn

%: harm (+30% outgoing, +20% incoming), acrobat
@: studying Armour, serpent's lash
A: fangs 1, strong nose, distributed training
a: Renounce Religion, Wall Jump, Serpent's Lash, Heavenly Storm


You were on level 11 of the Dungeon.
You worshipped Wu Jian.
Wu Jian was extremely pleased with you.
You visited 3 branches of the dungeon, and saw 19 of its levels.
You also visited: Bailey, Ice Cave and Volcano.

You collected 2454 gold pieces.

Inventory:

Hand Weapons
 b - the +8 mace "Coisin" (weapon) {freeze, rN+ Will+ rCorr Str-3}
   (You took it off a goblin on level 3 of the Dungeon)

   Str-3:     It affects your strength (-3).
   rN+:       It protects you from negative energy.
   Will+:     It increases your willpower.
   rCorr:     It protects you from acid and corrosion.
Missiles
 a - 4 silver javelins
 E - 2 curare-tipped darts
 H - a throwing net
 T - 2 atropa-tipped darts
 V - 7 boomerangs (quivered)
Armour
 c - the +4 ring mail "Udemaon" {rElec rF+ rC+ SInv}
   (You found it on level 14 of the Dungeon)

   rF+:       It protects you from fire.
   rC+:       It protects you from cold.
   rElec:     It insulates you from electricity.
   SInv:      It lets you see invisible.
 F - a +0 pair of gloves (worn)
 K - the +2 scale mail of Impatience (worn) {rC++ rCorr MP+9 Dex-5}
   (You found it on level 7 of the Dungeon)

   Dex-5:     It affects your dexterity (-5).
   rC++:      It greatly protects you from cold.
   MP+9:      It affects your magic capacity (+9).
   rCorr:     It protects you from acid and corrosion.
 M - a +0 kite shield (worn)
 S - a +2 helmet (worn)
 X - the +2 pair of boots "Gyrelir" (worn) {Harm rF+}
   (You found it on level 1 of the Lair of Beasts)

   rF+:       It protects you from fire.
   Harm:      It increases damage dealt and taken.
Jewellery
 g - the ring "Cirr" (right hand) {rElec rF+ Str+6 SInv}
   (You acquired it on level 8 of the Dungeon)

   [ring of strength]

   Str+6:     It affects your strength (+6).
   rF+:       It protects you from fire.
   rElec:     It insulates you from electricity.
   SInv:      It lets you see invisible.
 o - a ring of poison resistance (left hand)
 u - the ring "Qauk Xat" {Fire rPois Int+3}
   (You found it in an ice cave)

   [ring of fire]

   Fire:      It enhances your fire magic.
   Int+3:     It affects your intelligence (+3).
   rF+:       It protects you from fire.
   rC-:       It makes you vulnerable to cold.
   rPois:     It protects you from poison
 O - an amulet of the acrobat (around neck)
 Q - a ring of positive energy
 Y - a ring of resist corrosion
Wands
 d - a wand of mindburst (11)
 q - a wand of charming (11)
 y - a wand of flame (18)
 z - a wand of quicksilver (4)
 C - a wand of iceblast (14)
 D - a wand of digging (9)
Scrolls
 e - a scroll of summoning
 h - 7 scrolls of teleportation
 j - 7 scrolls of enchant armour
 l - 3 scrolls of poison {unknown}
 m - a scroll of blinking
 p - a scroll of revelation {unknown}
 v - 4 scrolls of enchant weapon
 x - a scroll of fog {unknown}
 A - 2 scrolls of fear
 G - 2 scrolls of torment {unknown}
 I - a scroll of acquirement
 N - a scroll of immolation {unknown}
 W - a scroll of brand weapon {unknown}
 Z - a scroll of amnesia {unknown}
Potions
 f - 8 potions of enlightenment {unknown}
 i - 2 potions of might
 k - a potion of resistance {unknown}
 n - a potion of berserk rage {unknown}
 r - 4 potions of heal wounds
 s - 3 potions of haste
 t - 5 potions of invisibility
 w - a potion of magic {unknown}
 B - 5 potions of brilliance
 J - a potion of experience {unknown}
 L - 3 potions of curing
 P - a potion of mutation {unknown}
 R - 2 potions of cancellation {unknown}
 U - a potion of attraction {unknown}


   Skills:
 + Level 9.8 Fighting
 + Level 9.4 Short Blades
 + Level 9.4 Long Blades
 + Level 9.4 Axes
 + Level 9.4 Maces & Flails
 + Level 9.4 Polearms
 + Level 9.4 Staves
 + Level 9.4 Ranged Weapons
 + Level 9.4 Throwing
 + Level 10.7 Armour
 + Level 10.5 Dodging
 + Level 9.4 Stealth
 + Level 9.4 Shields
 + Level 11.4 Unarmed Combat
 + Level 9.4 Spellcasting
 + Level 7.9 Conjurations
 + Level 7.9 Hexes
 + Level 7.9 Summonings
 + Level 7.9 Necromancy
 + Level 7.9 Translocations
 + Level 7.9 Fire Magic
 + Level 7.9 Ice Magic
 + Level 7.9 Air Magic
 + Level 7.9 Earth Magic
 + Level 7.9 Alchemy
 + Level 10.3 Invocations
 + Level 9.4 Evocations
 + Level 10.8 Shapeshifting


You had 27 spell levels left.
You knew the following spells:

 Your Spells              Type           Power      Damage    Failure   Level
a - Blink                 Tloc           44%        N/A       3%          2
b - Lesser Beckoning      Tloc           44%        N/A       3%          2

Your spell library contained the following spells:

 Spells                   Type           Power      Damage    Failure   Level
 Apportation              Tloc           44%        N/A       2%          1
 Magic Dart               Conj           88%        1d7       2%          1
 Necrotise                Necr           88%        1d8       2%          1
 Sting                    Conj/Alch      88%        1d8       2%          1
 Summon Small Mammal      Summ           88%        N/A       2%          1
 Call Imp                 Summ           44%        N/A       3%          2
 Jinxbite                 Hex            44%        N/A       3%          2
 Call Canine Familiar     Summ           22%        N/A       7%          3
 Dazzling Flash           Conj/Hex       44%        N/A       7%          3
 Frozen Ramparts          Ice            44%        1d7       7%          3
 Gell's Gravitas          Tloc           22%        N/A       7%          3
 Inner Flame              Hex/Fire       22%        N/A       7%          3
 Teleport Other           Tloc           22%        N/A       7%          3
 Tukima's Dance           Hex            22%        N/A       7%          3
 Vampiric Draining        Necr           22%        2d7       7%          3
 Volatile Blastmotes      Fire/Tloc      44%        2d13      7%          3
 Flame Wave               Conj/Fire      22%        2d8       24%         4
 Leda's Liquefaction      Alch/Erth      11%        N/A       24%         4
 Martyr's Knell           Necr/Summ      22%        N/A       24%         4
 Passage of Golubria      Tloc           22%        N/A       24%         4
 Petrify                  Alch/Erth      22%        N/A       24%         4
 Sticky Flame             Fire/Alch      22%        2d6       24%         4
 Summon Blazeheart Golem  Fire/Summ      22%        N/A       24%         4
 Alistair's Intoxication  Alch           14%        N/A       54%         5
 Curse of Agony           Necr           22%        N/A       54%         5
 Metabolic Englaciation   Hex/Ice        11%        N/A       54%         5
 Summon Forest            Summ/Tloc      11%        N/A       54%         5
 Yara's Violent Unravell  Hex/Alch       11%        3d6       54%         5
 Dispersal                Tloc           11%        N/A       98%         6
 Eringya's Noxious Bog    Alch           11%        4d6       98%         6
 Starburst                Conj/Fire      11%        6d5       98%         6
 Summon Hydra             Summ           11%        N/A       100%        7
 Maxwell's Capacitive Co  Air            11%        ∞         100%        8


Dungeon Overview and Level Annotations

Branches:
Dungeon (14/15)            Temple (0/1) D:5            Lair (4/5) D:8
 Shoals (0/4) Lair:2        Snake (0/4) Lair:3        Slime (0/5) Lair:4
    Orc (1/2) D:11         Bailey (visited)           IceCv (visited)
Volcano (visited)
 Vaults: D:13-14

Altars:
Ashenzari
Elyvilon
Hepliaklqana
Kikubaaqudgha
Nemelex Xobeh
Okawaru
Qazlal
Sif Muna
Trog
Wu Jian
Xom
Yredelemnul
Zin
The Shining One
Jiyva

Annotations:
D:13 Azrael
Lair:4 Kirke


Innate Abilities, Weirdness & Mutations

You have very sharp teeth.
Your uncanny sense of smell can sniff out nearby items.
Your experience applies equally to all skills.


Message History

The kobold blastminer unwields a +0 arbalest.
The kobold blastminer hits you.
The orc priest mumbles some strange prayers to Beogh against you.
Beogh smites you! The kobold blastminer hits you!
There is a staircase back to the Dungeon, spattered with blood here.
Things that are here:
a +0 dagger; a +0 robe; an orc corpse Unknown command.
Unknown command.
You lunge at the kobold blastminer.
You sock the kobold blastminer! You freeze the kobold blastminer.
The kobold blastminer is moderately wounded.
You spin and attack the kobold blastminer.
You sock the kobold blastminer! You freeze the kobold blastminer.
You kill the kobold blastminer!
The Council accepts your kill.
You spin and attack the orc priest.
You sock the orc priest! You freeze the orc priest.
You kill the orc priest!
The Council accepts your kill.
The kobold blastminer unwields a +0 arbalest.
The kobold blastminer hits you but does no damage.
The kobold blastminer blasts its cannon at you.
The iron shot hits you!!
* * * LOW HITPOINT WARNING * * *
You hear a shout!
Unknown command.
Your muscles tense, ready for explosive movement...
There is a staircase back to the Dungeon, spattered with blood here.
Things that are here:
a +0 dagger; a +0 robe; an orc corpse The kobold blastminer wields a +0 arbalest.
The kobold blastminer shoots a bolt.
You block the bolt.
You climb upwards.
Welcome back to the Dungeon!
There is a staircase to the Orcish Mines here.
You barely miss the kobold blastminer.
The kobold blastminer is almost dead.
The kobold blastminer blasts its cannon at you.
The iron shot hits you!!
You die...

#.#..#.##..####.#...# #.######
#.##........###..#.## #....[..
#.#.#.#.#####..###.# ####....
#.#..#.##..#.##....## #.....
#.##.#.#....#..#....# #.....
#.#####..##........######.....
#.# #.#...###...####.........
#.# ##.###..#..#..###...#.....
#.# #........@...##.######....
#.###..#.##.K#####!#### ##...
#.##.#.##.##...##..##)#####...
#.##.##.#.#..##.##..#>[.......
#.#..#.....#.......#####......
#.##..##.##......##.#......(..
#.####.#.#####..#####.........
#.###..#.##.......#.#........)
#.##...#..##...#.#.#.........)


You could see a kobold blastminer.

Vanquished Creatures
  Gastronok (D:8)
  Fannar (D:12)
  6 two-headed ogres
  A hell hog (Volcano)
  An orc high priest (Bailey)
  A skyshark (Lair:3)
  Lodul (D:12)
  Pikel (D:4)
  3 orc knights (Bailey)
  5 ugly things
  3 salamanders (Volcano)
  2 cyclopes
  3 elephants
  4 slime creatures (D:13)
  A black mamba (Lair:4)
  A kobold blastminer (Orc:1)
  4 cane toads
  3 ice statues (IceCv)
  The ghost of Zeo the Covert, a novice SpBr (D:6)
  Jeremiah (D:6)
  A kobold demonologist (Bailey)
  2 rime drakes (Lair:2)
  2 ice devils (Lair:4)
  Psyche (D:8)
  9 komodo dragons
  A polar bear (Lair:2)
  A troll (D:11)
  2 hornets
  9 blink frogs
  3 shadows (D:11)
  A dire elephant simulacrum (IceCv)
  4 hogs (D:10)
  3 fire bats (Volcano)
  2 wyverns
  2 wraiths
  2 fire elementals (D:13)
  49 yaks
  4 basilisks
  A human (D:10)
  3 steam dragons
  2 death yak simulacra (IceCv)
  5 vampire mosquitoes (D:11)
  3 nagas (Lair:3)
  3 swamp worms (D:7)
  A hell hound (D:13)
  9 water moccasins
  A hydra simulacrum (IceCv)
  2 acid dragons
  12 orc warriors
  A sky beast (D:7)
  2 black bears
  2 ice beasts
  3 wolves (Lair:3)
  9 ogres
  16 centaurs
  A lemure (D:4)
  2 phantoms (D:6)
  4 kobold brigands
  Blork the orc (D:6)
  10 bullfrogs
  2 gnoll sergeants
  5 scorpions
  5 wights
  2 troll zombies (D:11)
  2 elephant simulacra (IceCv)
  4 howler monkeys
  5 electric eels
  2 hounds
  4 jellies (Lair:4)
  13 orc priests
  A bombardier beetle (D:5)
  A sleepcap (D:4)
  4 iguanas
  15 orc wizards
  Terence (D:3)
  A polar bear simulacrum (IceCv)
  4 ogre zombies (D:11)
  8 adders
  13 gnolls
  A white imp (D:6)
  4 ufetubi
  7 dart slugs
  60 orcs
  6 bats
  4 endoplasms
  A giant cockroach (D:1)
  2 gnoll zombies (D:11)
  18 goblins
  12 hobgoblins
  4 jackals (D:3)
  A quokka (D:4)
  11 ball pythons
  3 frilled lizards
  3 gnoll skeletons (D:11)
  44 kobolds
  An orc skeleton (D:11)
  13 orc zombies (D:11)
  3 rats
525 creatures vanquished.

Vanquished Creatures (others)
  A slime creature (D:13)
1 creature vanquished.

Grand Total: 526 creatures vanquished

Notes
Turn   | Place    | Note
-------+----------+-------------------------------------------
     0 | D:1      | monsoonserge the Gnoll Shapeshifter began the quest for the
                  | Orb.
     0 | D:1      | Reached XP level 1. HP: 17/17 MP: 1/1
   133 | D:1      | Reached XP level 2. HP: 23/23 MP: 2/2
   842 | D:2      | Reached XP level 3. HP: 25/28 MP: 2/4
   892 | D:2      | Reached skill level 1 in Invocations
  1150 | D:2      | Found a broken altar of Ashenzari.
  1243 | D:2      | Reached skill level 1 in Short Blades
  1243 | D:2      | Reached skill level 1 in Long Blades
  1243 | D:2      | Reached skill level 1 in Axes
  1243 | D:2      | Reached skill level 1 in Maces & Flails
  1243 | D:2      | Reached skill level 1 in Polearms
  1243 | D:2      | Reached skill level 1 in Staves
  1243 | D:2      | Reached skill level 1 in Ranged Weapons
  1243 | D:2      | Reached skill level 1 in Throwing
  1243 | D:2      | Reached skill level 1 in Armour
  1243 | D:2      | Reached skill level 1 in Stealth
  1243 | D:2      | Reached skill level 1 in Shields
  1243 | D:2      | Reached skill level 1 in Spellcasting
  1243 | D:2      | Reached skill level 1 in Evocations
  1379 | D:2      | Reached XP level 4. HP: 34/34 MP: 5/5
  1700 | D:3      | Found an iron altar of Okawaru.
  1703 | D:3      | Found an ancient bone altar of Kikubaaqudgha.
  1757 | D:3      | Found a bloodstained altar of Trog.
  1792 | D:3      | Found an ornate altar of the Wu Jian Council.
  1800 | D:3      | Became a worshipper of the Wu Jian Council
  1869 | D:2      | Reached skill level 1 in Conjurations
  1869 | D:2      | Reached skill level 1 in Hexes
  1869 | D:2      | Reached skill level 1 in Summonings
  1869 | D:2      | Reached skill level 1 in Necromancy
  1869 | D:2      | Reached skill level 1 in Translocations
  1869 | D:2      | Reached skill level 1 in Fire Magic
  1869 | D:2      | Reached skill level 1 in Ice Magic
  1869 | D:2      | Reached skill level 1 in Air Magic
  1869 | D:2      | Reached skill level 1 in Earth Magic
  1869 | D:2      | Reached skill level 1 in Alchemy
  1942 | D:3      | Noticed Terence
  1946 | D:3      | Killed Terence
  1947 | D:3      | Reached XP level 5. HP: 40/40 MP: 5/7
  1990 | D:3      | Identified the +8 mace "Coisin" {freeze, rN+ Will+ rCorr
                  | Str-3}
  2687 | D:4      | Noticed an ogre
  2690 | D:4      | Killed an ogre
  2691 | D:4      | Reached XP level 6. HP: 47/47 MP: 8/8
  2703 | D:4      | Reached skill level 5 in Dodging
  2739 | D:4      | Reached * piety under Wu Jian
  2953 | D:4      | Reached skill level 7 in Unarmed Combat
  2953 | D:4      | Reached XP level 7. HP: 44/52 MP: 10/10
  3114 | D:4      | Noticed Pikel
  3128 | D:4      | Killed Pikel
  3129 | D:4      | Reached XP level 8. HP: 24/60 MP: 10/12
  3691 | D:5      | Entered Level 5 of the Dungeon
  3711 | D:5      | Identified a scroll of acquirement
  3720 | D:5      | Noticed a hornet
  3726 | D:5      | Killed a hornet
  4019 | D:5      | Found a staircase to the Ecumenical Temple.
  4235 | D:5      | Reached ** piety under Wu Jian
  4636 | D:5      | Reached XP level 9. HP: 22/66 MP: 14/14
  5259 | D:6      | Noticed Jeremiah
  5357 | D:6      | Found a transporter.
  5360 | D:6      | Noticed Zeo's ghost (novice SpBr)
  5457 | D:6      | Reached skill level 5 in Fighting
  5588 | D:6      | Noticed Blork the orc
  5594 | D:6      | Killed Blork the orc
  5709 | D:6      | Found a transporter.
  5799 | D:6      | Reached skill level 8 in Unarmed Combat
  5983 | D:6      | Killed Jeremiah
  5984 | D:6      | Reached skill level 5 in Invocations
  6596 | D:6      | Reached *** piety under Wu Jian
  6925 | D:7      | Reached skill level 5 in Short Blades
  6925 | D:7      | Reached skill level 5 in Long Blades
  6925 | D:7      | Reached skill level 5 in Axes
  6925 | D:7      | Reached skill level 5 in Maces & Flails
  6925 | D:7      | Reached skill level 5 in Polearms
  6925 | D:7      | Reached skill level 5 in Staves
  6925 | D:7      | Reached skill level 5 in Ranged Weapons
  6925 | D:7      | Reached skill level 5 in Throwing
  6925 | D:7      | Reached skill level 5 in Armour
  6925 | D:7      | Reached skill level 5 in Stealth
  6925 | D:7      | Reached skill level 5 in Shields
  6925 | D:7      | Reached skill level 5 in Spellcasting
  6925 | D:7      | Reached skill level 5 in Evocations
  6925 | D:7      | Reached XP level 10. HP: 4/76 MP: 17/17
  7509 | D:7      | Found a hazy altar of Hepliaklqana.
  7830 | D:7      | Identified the +2 scale mail of Impatience {rC++ rCorr MP+9
                  | Dex-5}
  7966 | D:8      | Noticed Psyche
  8162 | D:8      | Found a staircase to the Lair.
  8176 | D:8      | Killed Psyche
  8330 | D:8      | Acquired 802 gold pieces
  8332 | D:8      | Acquired the ring "Cirr" {rElec rF+ Str+6 SInv}
  8386 | D:8      | Found a basalt altar of Yredelemnul.
  8548 | D:8      | Noticed Gastronok
  8562 | D:8      | Killed Gastronok
  9402 | D:9      | Noticed a two-headed ogre
  9407 | D:9      | Killed a two-headed ogre
  9407 | D:9      | Reached skill level 9 in Unarmed Combat
  9407 | D:9      | Reached skill level 5 in Conjurations
  9407 | D:9      | Reached skill level 5 in Hexes
  9407 | D:9      | Reached skill level 5 in Summonings
  9407 | D:9      | Reached skill level 5 in Necromancy
  9407 | D:9      | Reached skill level 5 in Translocations
  9407 | D:9      | Reached skill level 5 in Fire Magic
  9407 | D:9      | Reached skill level 5 in Ice Magic
  9407 | D:9      | Reached skill level 5 in Air Magic
  9407 | D:9      | Reached skill level 5 in Earth Magic
  9407 | D:9      | Reached skill level 5 in Alchemy
  9407 | D:9      | Reached XP level 11. HP: 16/83 MP: 20/20
  9672 | D:9      | Reached **** piety under Wu Jian
  9710 | D:9      | Found a flagged portal.
  9756 | Bailey   | Entered a bailey
  9965 | Bailey   | Noticed an orc knight
  9987 | Bailey   | Noticed an orc knight
 10001 | Bailey   | Killed an orc knight
 10380 | Bailey   | Killed an orc knight
 10522 | Bailey   | Found an iron altar of Okawaru.
 10522 | Bailey   | Noticed an orc high priest
 10531 | Bailey   | Killed an orc high priest
 11044 | Bailey   | Noticed an orc knight
 11060 | Bailey   | Killed an orc knight
 11407 | D:9      | Found a shimmering blue altar of Sif Muna.
 11460 | D:9      | Noticed a two-headed ogre
 11468 | D:9      | Killed a two-headed ogre
 12011 | D:10     | Entered Level 10 of the Dungeon
 12014 | D:10     | Found a white marble altar of Elyvilon.
 12015 | D:10     | Found a glowing golden altar of the Shining One.
 12018 | D:10     | Found a glowing silver altar of Zin.
 12389 | D:10     | Found a shimmering altar of Xom.
 12421 | D:10     | Learned a level 2 spell: Blink
 12563 | D:10     | Found a sparkling altar of Nemelex Xobeh.
 12827 | D:11     | Reached XP level 12. HP: 78/91 MP: 22/22
 12882 | D:11     | Found a staircase to the Orcish Mines.
 13052 | D:11     | Reached ***** piety under Wu Jian
 13429 | Lair:1   | Entered Level 1 of the Lair of Beasts
 13646 | Lair:1   | Reached skill level 10 in Unarmed Combat
 13762 | Lair:1   | Identified the +2 pair of boots "Gyrelir" {Harm rF+}
 13907 | Lair:1   | Found a dark tunnel.
 14029 | Volcano  | Entered a volcano
 14047 | Volcano  | Noticed a two-headed ogre
 14062 | Volcano  | Killed a two-headed ogre
 14209 | Volcano  | Noticed a hell hog
 14216 | Volcano  | Killed a hell hog
 15072 | Lair:1   | Identified the +1 robe "Kiziunn" {-Tele rC+ Will+ rCorr}
 15682 | D:6      | Killed Zeo's ghost
 15702 | D:6      | Learned a level 2 spell: Lesser Beckoning
 15883 | Lair:1   | Reached XP level 13. HP: 99/99 MP: 25/25
 15884 | Lair:1   | Reached skill level 10 in Shapeshifting
 15905 | Lair:2   | Found a staircase to the Shoals.
 18340 | Lair:3   | Found a staircase to the Snake Pit.
 18837 | Lair:4   | Found a frozen archway.
 18870 | Lair:4   | Reached skill level 10 in Dodging
 18870 | Lair:4   | Reached skill level 11 in Unarmed Combat
 19061 | IceCv    | Entered an ice cave
 20078 | IceCv    | Identified the +1 great mace of Ivymaug {pain, rPois Will+}
 20086 | IceCv    | Identified the ring "Qauk Xat" {Fire rPois Int+3}
 20493 | Lair:4   | Reached skill level 10 in Armour
 20502 | Lair:4   | HP: 5/101 [poisoned by a black mamba]
 20801 | Lair:4   | Found a viscous altar of Jiyva.
 20801 | Lair:4   | Found a staircase to the Slime Pits.
 20802 | Lair:4   | Noticed Kirke
 21448 | D:11     | Reached XP level 14. HP: 93/108 MP: 27/27
 21680 | D:12     | Noticed Lodul
 21899 | D:14     | Reached skill level 10 in Invocations
 21908 | D:14     | Identified the +4 ring mail "Udemaon" {rElec rF+ rC+ SInv}
 22201 | D:13     | Found a stormy altar of Qazlal.
 22232 | D:13     | Noticed Azrael
 22240 | D:13     | Noticed an ironbound preserver
 22443 | D:12     | Noticed Fannar
 22909 | D:12     | Killed Lodul
 23366 | D:12     | Killed Fannar
 23504 | Orc:1    | Entered Level 1 of the Orcish Mines
 23531 | D:11     | Killed from afar by a kobold blastminer

Illustrated notes

Levels and vault maps discovered:
D:1:      doesnt_arrival_eight_statues, layout_basic, st_stairs_9,
          nicolae_twisty_statue_hallways
D:2:      layout_loops_corners, basic_altar, minmay_heptomino_l4
D:3:      layout_basic, trog_three_pillars_becter, old_standard_altar,
          grunt_temple_overflow_open, hangedman_decor_lopped, uniq_terence
D:4:      minmay_clustersquares, layout_basic, kennysheep_windowed_goal,
          uniq_pikel
D:5:      kennysheep_kobold_camp, layout_loops_ring,
          minmay_temple_entry_nine_rooms
D:6:      layout_basic, gammafunk_ghost_arena, uniq_jeremiah, uniq_blork_the_orc
D:7:      layout_gridville, worldfamousw_hep_ancestral_shrine, worms_lemuel
D:8:      layout_gridville, mainiacjoe_overflow_brackets, grunt_ministairs_7,
          uniq_gastronok, uniq_psyche
D:9:      layout_roguey, led_sif_book, enter_bailey_3, grunt_ministairs_15
D:10:     layout_rooms, good_gods_temple_1, mainiacjoe_overflow_six_doors_small,
          mainiacjoe_overflow_cross_hatched, grunt_livestock,
          grunt_decor_fettered
D:11:     layout_rooms, zombieorc1_lemuel
D:12:     layout_rooms, uniq_lodul, uniq_fannar
D:13:     layout_basic, skrybe_vaults_entry_preservation,
          nicolae_qazlal_eye_of_the_storm, uniq_azrael
D:14:     layout_irregular_city, nicolae_vehumet_altar_sigil,
          lightli_fourway_metalbox, uniq_roxanne
Lair:1:   layout_regular_city, nicolae_volcano_entry_s_turn, grunt_megastairs_1
Lair:2:   layout_roguey, minmay_shoals_entry_centaurs
Lair:3:   layout_regular_city, nicolae_snake_entry_squirm,
          infiniplex_staircase_pool, lemuel_fruit_fields
Lair:4:   layout_long_grid, minmay_slime_entry_jelly_boxes,
          portal_ice_cave_demonic_guard, grunt_megastairs_3, uniq_kirke
Orc:1:    layout_diamond_mine, serial_shops, shop, ebering_ghost_xom,
          nicolae_orc_minecarts

Skill      XL: |  1  2  3  4  5  6  7  8  9 10 11 12 13 14 |
---------------+-------------------------------------------+-----
Invocations    | 1 2 3 4 5 6 7 8 9 10 | 10.3
Short Blades   | 1 2 3 5 6 7 8 9 |  9.4
Long Blades    | 1 2 3 5 6 7 8 9 |  9.4
Axes           | 1 2 3 5 6 7 8 9 |  9.4
Maces & Flails | 1 2 3 5 6 7 8 9 |  9.4
Polearms       | 1 2 3 5 6 7 8 9 |  9.4
Staves         | 1 2 3 5 6 7 8 9 |  9.4
Ranged Weapons | 1 2 3 5 6 7 8 9 |  9.4
Throwing       | 1 2 3 5 6 7 8 9 |  9.4
Armour         | 1 2 3 5 6 7 8 10 | 10.7
Stealth        | 1 2 3 5 6 7 8 9 |  9.4
Shields        | 1 2 3 5 6 7 8 9 |  9.4
Spellcasting   | 1 2 3 5 6 7 8 9 |  9.4
Evocations     | 1 2 3 5 6 7 8 9 |  9.4
Conjurations   | 1 2 3 4 5 6 7 |  7.9
Hexes          | 1 2 3 4 5 6 7 |  7.9
Summonings     | 1 2 3 4 5 6 7 |  7.9
Necromancy     | 1 2 3 4 5 6 7 |  7.9
Translocations | 1 2 3 4 5 6 7 |  7.9
Fire Magic     | 1 2 3 4 5 6 7 |  7.9
Ice Magic      | 1 2 3 4 5 6 7 |  7.9
Air Magic      | 1 2 3 4 5 6 7 |  7.9
Earth Magic    | 1 2 3 4 5 6 7 |  7.9
Alchemy        | 1 2 3 4 5 6 7 |  7.9
Fighting       | 3 4 5 6 7 8 9 |  9.8
Dodging        | 5 6 7 8 9 10 | 10.5
Unarmed Combat | 7 8 9 10 11 | 11.4
Shapeshifting  | 7 8 9 10 | 10.8

Action                     |  1- 3 |  4- 6 |  7- 9 | 10-12 | 13-15 || total
---------------------------+-------+-------+-------+-------+-------++-------
  Melee: Unarmed           |    65 |    44 |       |       |    99 ||   208
         Bite              |     4 |     5 |    17 |    86 |    92 ||   204
         Punch             |     1 |     4 |     8 |     5 |       ||    18
         Mace              |       |    51 |   245 |   714 |   656 ||  1666
  Throw: Dart              |       |     1 |     2 |     5 |     5 ||    13
         Throwing net      |       |       |       |     1 |       ||     1
         Boomerang         |       |       |       |       |    55 ||    55
 Invoke: Serpent's Lash    |       |       |     1 |     8 |     4 ||    13
         Heavenly Storm    |       |       |       |     1 |       ||     1
Ability: Lunge             |       |     6 |    18 |    64 |    58 ||   146
         Whirlwind         |       |     7 |     9 |   228 |   350 ||   594
  Evoke: Wand              |       |       |     3 |     8 |     3 ||    14
    Use: Scroll            |       |       |     8 |     3 |     7 ||    18
         Potion            |       |       |       |     4 |     1 ||     5
   Stab: Distracted        |       |       |       |     1 |     2 ||     3
         Sleeping          |       |       |       |     3 |     4 ||     7
 Armour: Animal skin       |    18 |       |       |       |       ||    18
         Ring mail         |     7 |    56 |    23 |       |       ||    86
         Scale mail        |       |       |   150 |   385 |   446 ||   981
         Skin              |       |       |       |     9 |       ||     9
  Dodge: Dodged            |    40 |    56 |   129 |   240 |   284 ||   749
  Block: Kite shield       |       |       |       |   220 |   324 ||   544
   Form: Flux              |       |       |       |     4 |       ||     4
         Beast             |       |       |       |     3 |       ||     3
                           |       |       |       |     2 |       ||     2
